 Dungeon Crawl Stone Soup version 0.29.0-4-gdea44cf6ec (webtiles) character file.

Game seed: 15204596200895791615

102 qw the Chopper (level 4, -1/26 HPs)
             Began as a Tengu Warper on Aug 28, 2022.
             Slain by Natasha (4 damage)
             ... on level 2 of the Dungeon.
             The game lasted 00:00:10 (2264 turns).

qw the Chopper (Tengu Warper)                       Turns: 2264, Time: 00:00:10

Health: -1/26      AC:  4    Str: 13    XL:     4   Next: 78%
Magic:  8/8        EV: 12    Int: 14    God:
Gold:   114        SH:  0    Dex: 13    Spells: 7/7 levels left

rFire   . . .      SeeInvis .   Y - +0 hand axe
rCold   . . .      Faith    .   (no shield)
rNeg    . . .      Spirit   .   b - +0 leather armour
rPois   .          Reflect  .   (helmet restricted)
rElec   .          Harm     .   (no cloak)
rCorr   .          Rampage  .   d - +0 pair of gloves
Will    .....                   (boots unavailable)
Stlth   +.........              (no amulet)
HPRegen 0.08/turn               (no ring)
MPRegen 0.11/turn               (no ring)

@: slowed, very slow
A: beak, talons 3
a: no special abilities


You were on level 2 of the Dungeon.
You visited 1 branch of the dungeon, and saw 2 of its levels.

You collected 114 gold pieces.


Innate Abilities, Weirdness & Mutations

You have a beak for a mouth.
You have claws for feet.


   Skills:
 - Level 2.0 Fighting
 + Level 5.3 Axes
 - Level 1.0 Throwing
 - Level 1.1 Armour
 - Level 2.1 Dodging
 - Level 2.0 Spellcasting
 - Level 2.4 Translocations


You had 7 spell levels left.
You didn't know any spells.
Your spell library contained the following spells:

 Spells                   Type           Power      Damage    Failure   Level
 Blink                    Tloc           16%        N/A       17%         2
 Gell's Gravitas          Tloc           8%         N/A       34%         3
 Lesser Beckoning         Tloc           8%         N/A       34%         3
 Teleport Other           Tloc           8%         N/A       34%         3
 Manifold Assault         Tloc           8%         N/A       97%         5

Inventory:

Hand Weapons
 f - a +0 whip
 Y - a +0 hand axe (weapon)
Armour
 b - a +0 leather armour (worn)
 c - a +0 chain mail
 d - a +0 pair of gloves (worn)
Potions
 a - a potion of attraction {unknown}
 e - a potion of heal wounds {unknown}
 g - a potion of degeneration {unknown}
 h - a potion of might {unknown}

Dungeon Overview and Level Annotations

Branches:
Dungeon (2/15)

Altars:

Annotations:
D:1 2 runed translucent doors
D:2 Natasha


Message History

You hit Natasha. The hobgoblin barely misses you. Natasha barely misses you.
You closely miss the hobgoblin.
The hobgoblin is heavily wounded.
You barely miss Natasha. The hobgoblin misses you.
Natasha wildly gestures.
You feel disoriented. Natasha closely misses you.
The hobgoblin closely misses you. Natasha claws you.
You completely miss the hobgoblin.
The hobgoblin is heavily wounded.
You hit Natasha. The hobgoblin barely misses you.
Natasha completely misses you.
You barely miss the hobgoblin. Your kick misses the hobgoblin.
Your peck misses the hobgoblin.
The hobgoblin is heavily wounded.
You hit Natasha but do no damage. The hobgoblin barely misses you.
Natasha mewls in sadness.
Natasha barely misses you. The hobgoblin closely misses you. Natasha claws you.
You closely miss the hobgoblin. Your kick misses the hobgoblin.
The hobgoblin is heavily wounded.
You barely miss Natasha.
The hobgoblin hits you but does no damage.
Natasha closely misses you.
You hit the hobgoblin but do no damage. Your kick misses the hobgoblin.
Your peck misses the hobgoblin.
The hobgoblin is heavily wounded.
You barely miss Natasha. The hobgoblin closely misses you.
Natasha claws you but does no damage. The hobgoblin barely misses you.
Natasha misses you.
You closely miss Natasha. You claw Natasha.
Natasha is heavily wounded.
You barely miss the hobgoblin. The hobgoblin hits you with a +0 club.
Natasha claws you.
You hit Natasha.
Natasha is severely wounded.
You closely miss the hobgoblin. The hobgoblin hits you with a +0 club.
Natasha claws you.
You die...

#.......# ###...#[...#
#.......# ####..........#
##.###..####....#.........
# ###........###......###
#.#......#.....)#.....# #
..........#......).#...# #
.....!.....#......%##...###
.....#............###...##>
.....#...$@#......##.......
.........gh#......##....###
..........5#......##.......
...#.....................
.................##.#.###
........#...######...##
..........#. ##...#
............ ##..## .###
#....


You could see Natasha, a white imp (summoned) and a hobgoblin.

Vanquished Creatures
  Jessica (D:2)
  Natasha (D:2)
  2 worms (D:2)
  2 dart slugs (D:1)
  3 bats
  2 giant cockroaches (D:1)
  5 goblins
  6 hobgoblins
  7 jackals (D:1)
  2 quokkas (D:1)
  3 ball pythons
  2 kobolds (D:1)
  4 rats
40 creatures vanquished.

Notes
Turn   | Place    | Note
-------+----------+-------------------------------------------
     0 | D:1      | qw the Tengu Warper began the quest for the Orb.
     0 | D:1      | Reached XP level 1. HP: 12/12 MP: 4/4
     0 | D:1      | 0 ||| qw: Version: 0.1-a-89-g26bdef1
     0 | D:1      | 0 ||| qw: Game counter: 17
     0 | D:1      | 0 ||| qw: Always use a shield: true
     0 | D:1      | 0 ||| qw: God list: Okawaru
     0 | D:1      | 0 ||| qw: Allow faded altars: false
     0 | D:1      | 0 ||| qw: Do Orc after D:15 true
     0 | D:1      | 0 ||| qw: Do second Lair branch before Depths: true
     0 | D:1      | 0 ||| qw: Lair rune preference: random
     0 | D:1      | 0 ||| qw: Plans: Normal
     0 | D:1      | 0 ||| PLANNING D:1-11
    46 | D:1      | Found a large runed translucent door.
    47 | D:1      | Found a large runed translucent door.
    52 | D:1      | Reached XP level 2. HP: 17/17 MP: 6/6
    54 | D:1      | Reached skill level 3 in Axes
   190 | D:1      | 190 ||| Stepping ~*~*~tactically~*~*~ (stealth).
   197 | D:1      | 197 ||| Stepping ~*~*~tactically~*~*~ (stealth).
   199 | D:1      | 199 ||| Stepping ~*~*~tactically~*~*~ (stealth).
   533 | D:1      | 533 ||| Stepping ~*~*~tactically~*~*~ (stealth).
   543 | D:1      | Reached XP level 3. HP: 20/21 MP: 7/7
   618 | D:1      | 618 ||| Stepping ~*~*~tactically~*~*~ (hiding).
   697 | D:1      | Reached skill level 4 in Axes
  1237 | D:1      | 1237 ||| UPGRADING to +0 pair of gloves.
  1242 | D:1      | 1242 ||| READING scroll labelled EGUUME HAOF.
  1327 | D:1      | 1327 ||| READING scroll labelled GEGOAT MEIKOER.
  1328 | D:1      | 1328 ||| DROPPING scroll of blinking.
  1371 | D:2      | 1371 ||| STAIRDANCE
  1706 | D:2      | 1706 ||| Stepping ~*~*~tactically~*~*~ (stealth).
  1751 | D:2      | Noticed Jessica
  1752 | D:2      | 1752 ||| Stepping ~*~*~tactically~*~*~ (hiding).
  1761 | D:2      | Killed Jessica
  1762 | D:2      | Reached XP level 4. HP: 21/26 MP: 8/8
  1844 | D:2      | Noticed Natasha
  1845 | D:2      | 1845 ||| Stepping ~*~*~tactically~*~*~ (hiding).
  1947 | D:2      | 1947 ||| Stepping ~*~*~tactically~*~*~ (hiding).
  1955 | D:2      | HP: 5/26 [Natasha/magic dart (8)]
  1957 | D:2      | Killed Natasha
  1958 | D:2      | Reached skill level 5 in Axes
  2083 | D:2      | Noticed Natasha
  2084 | D:2      | 2084 ||| Stepping ~*~*~tactically~*~*~ (stealth).
  2263 | D:2      | HP: 6/26 [hobgoblin/+0 club (3)]
  2264 | D:2      | Slain by Natasha

Levels and vault maps discovered:
D:1:      erik_arrival_cave_to_civilisation [erik_arrival_cave_to_temple],
          layout_basic
D:2:      layout_rooms, nicolae_ecumenical_snake_handling, uniq_jessica,
          uniq_natasha, uniq_sigmund

Skill      XL: |  1  2  3  4 |
---------------+-------------+-----
Axes           | 3 4 5 |  5.3
Fighting       | |  2.0
Throwing       | |  1.0
Armour         | |  1.1
Dodging        | |  2.1
Spellcasting   | |  2.0
Translocations | |  2.4

Action                   |  1- 3 |  4- 6 || total
-------------------------+-------+-------++-------
Melee: Hand axe          |    91 |    16 ||   107
       Kick              |    18 |     2 ||    20
       Peck              |    10 |     4 ||    14
Throw: Boomerang         |     7 |       ||     7
  Use: Scroll            |     2 |       ||     2
 Stab: Sleeping          |     1 |       ||     1
Armor: Leather armour    |    17 |     6 ||    23
Dodge: Dodged            |    44 |    18 ||    62

Table legend:
 A = Non-vault XP
 B = Vault XP
 C = Vault XP percentage of total XP
 D = Non-vault monster count
 E = Vault monster count
 F = Vault count percentage of total count
                 A         B        C        D         E       F
            +---------+---------+-------+---------+---------+-------
      Total |      72 |      75 |  51.0 |      36 |       4 |  10.0
            +---------+---------+-------+---------+---------+-------
        D:1 |      48 |       3 |   5.9 |      25 |       2 |   7.4
        D:2 |      24 |      72 |  75.0 |      11 |       2 |  15.4
            +---------+---------+-------+---------+---------+-------
